AoeStats
← andrewt12357

Arabia

510392362Analyzed
1v1 RM · 15h ago on Sep 30, 2026· 36m 46s· 2 players
Game mode
Random Map
Map size
Tiny (2 player)
Population
200
Speed
Normal
Resources
Standard
Victory
Conquest
Starting age
Dark Age
Ending age
Imperial Age
RankedLock teamsTeams togetherTeam positionsShared explorationLock speedFull tech treeHidden civsTurbo modeCheats
Victory
Defeat
🇨🇴 Mongols · Colombia
898
+15
🇫🇷 Huns · France
874
-15
BlupBlup
7:48 Loom
9:56 Feudal Age
11:35 Double-Bit Axe
15:49 Scale Barding Armor
17:11 Forging
18:09 Gold Mining
18:04 Horse Collar
19:15 Bloodlines
22:47 Fletching
26:32 Padded Archer Armor
29:39 Castle Age
29:13 Scale Mail Armor
30:21 Bodkin Arrow
30:56 Bow Saw
31:52 Leather Archer Armor
32:40 Pikeman
andrewt12357
0:27 Loom
9:54 Feudal Age
11:19 Town Watch
12:07 Horse Collar
25:13 Castle Age
24:47 Scale Barding Armor
25:47 Bloodlines
30:19 Heavy Plow
30:13 Light Cavalry
30:56 Husbandry
34:26 Double-Bit Axe
Connection lost

Rejoining the realm…

Still unreachable

The connection could not be restored.

Session expired

The server has moved on; the page needs a fresh start.